AoeStats
← Arda Asar

African Clearing

510311879Analyzed
2v2 RM · 3d ago on Sep 30, 2026· 46m 38s· 4 players
Game mode
Random Map
Map size
Medium (4 player)
Population
200
Speed
Normal
Resources
Standard
Victory
Conquest
Starting age
Dark Age
Ending age
Imperial Age
RankedLock teamsTeams togetherTeam positionsShared explorationLock speedFull tech treeHidden civsTurbo modeCheats
Victory
Defeat
🇹🇷 Vietnamese · Türkiye
1472
+6
🇩🇪 Chinese · Germany
1458
+6
🇫🇷 Hindustanis · France
1227
-7
🇫🇷 Teutons · France
1189
-5
Arda Asar
5:43 Loom
13:08 Feudal Age
18:02 Castle Age
16:37 Gold Mining
17:14 Double-Bit Axe
18:13 Horse Collar
21:41 Town Watch
24:49 Bow Saw
27:04 Wheelbarrow
26:38 Heavy Plow
27:42 Stone Mining
27:57 Fletching
30:49 Hand Cart
31:55 Stone Shaft Mining
31:40 Forging
33:04 Bodkin Arrow
33:09 Padded Archer Armor
36:22 Imperial Age
34:39 Chatras
36:46 Coinage
36:35 Leather Archer Armor
36:45 Ballistics
36:05 Treadmill Crane
36:36 Masonry
36:21 Murder Holes
37:43 Iron Casting
37:13 Scale Barding Armor
37:45 Hoardings
37:31 Husbandry
37:42 Bloodlines
36:52 Light Cavalry
38:21 Crop Rotation
38:54 Two-Man Saw
39:18 Paper Money
39:54 Chain Barding Armor
40:48 Chemistry
42:12 Plate Barding Armor
42:26 Scale Mail Armor
43:04 Ring Archer Armor
43:28 Elite Rattan Archer
44:09 Bracer
44:18 Siege Engineers
44:42 Elite Battle Elephant
Sir Deep purple 2
2:57 Loom
12:52 Feudal Age
16:53 Castle Age
15:21 Bloodlines
15:46 Scale Barding Armor
16:09 Horse Collar
16:38 Double-Bit Axe
26:09 Chain Barding Armor
27:13 Bow Saw
29:18 Husbandry
35:15 Forging
38:54 Iron Casting
42:35 Padded Archer Armor
43:13 Wheelbarrow
45:59 Imperial Age
43:47 Heavy Plow
44:09 Fletching
44:35 Leather Archer Armor
46:25 Gold Mining
46:25 Stone Mining
47:00 Hand Cart
47:23 Plate Barding Armor
Bichir
8:25 Loom
10:49 Loom
14:29 Feudal Age
18:53 Castle Age
19:04 Scale Barding Armor
25:15 Bloodlines
30:21 Double-Bit Axe
39:27 Wheelbarrow
38:37 Town Watch
42:59 Chain Barding Armor
42:33 Fletching
M.ah
10:03 Loom
12:30 Feudal Age
13:13 Double-Bit Axe
18:48 Castle Age
18:01 Bloodlines
18:19 Scale Barding Armor
21:50 Horse Collar
25:49 Chain Barding Armor
25:48 Forging
30:40 Gold Mining
38:28 Imperial Age
37:59 Heavy Plow
38:42 Wheelbarrow
38:57 Iron Casting
38:24 Scale Mail Armor
37:51 Pikeman
38:31 Squires
40:03 Conscription
39:35 Halberdier
40:58 Crop Rotation
41:14 Chain Mail Armor
43:45 Cavalier
Connection lost

Rejoining the realm…

Still unreachable

The connection could not be restored.

Session expired

The server has moved on; the page needs a fresh start.